Unix NetHack Version 3.7.0-87 Work-in-progress - last build Jul 6 2023 03:31:47 (95ed96c5f904f8c939670f77da02ce65a080bf33,branch:master). Game began 2023-07-12 12:47:36, ended 2023-07-12 12:55:22. ardi, neutral male human Barbarian ---------- ---------------- ----- ------ |.<.......#####|..............| #-....# |....| |....%...| #|..............| ###|...|####.....| |........| #|..............-#######....|# |.@d.| --+------- #|..............| ###0#|...| |..).| #-------|-----.-- # ----- |.....# ##########0######### |....|## %## # ------ # ## # # #### --------- # |.......| # |.......| ##-...>...| --------- Ardi the Plunderer St:16 Dx:17 Co:18 In:8 Wi:8 Ch:8 Neutral S:50 Dlvl:1 $:10 HP:0(16) Pw:2(2) AC:7 Xp:1/10 T:354 Latest messages: You finish eating the newt corpse. The door opens. You swap places with Idefix. You see here 3 gold pieces. $ - 3 gold pieces (10 in total). You swap places with Idefix. You see here a yellow potion. i - a yellow potion. What do you want to name? [a-fhi or ?*] What do you want to name? [a-fhi or ?*] What do you want to name? [a-fhi or ?*] # What do you want to name? [a-fhi or ?*] You swap places with Idefix. In what direction? The door opens. The jackal bites! The jackal bites! You kill the jackal! Please move the cursor to an unknown object. (For instructions type a '?') Idefix eats a jackal corpse. Idefix picks up a spiked wand. Idefix drops a spiked wand. You see here a spiked wand. j - a spiked wand. You swap places with Idefix. You swap places with Idefix. The goblin wields an orcish dagger! You kill the goblin! Idefix eats a goblin corpse. k - an orcish dagger. You are blasted by the orcish dagger named Grimtooth's power! l - an orcish dagger named Grimtooth. What do you want to drop? [$a-fh-l or ?*] You drop an orcish dagger. What do you want to drop? [$a-fh-jl or ?*] You drop an orcish dagger named Grimtooth. Idefix picks up an orcish dagger. Idefix drops an orcish dagger. Idefix picks up an orcish dagger. You see here an orcish dagger named Grimtooth. Idefix drops an orcish dagger. You are blasted by the orcish dagger named Grimtooth's power! You die... Do you want your possessions identified? [ynq] (y) Do you want to see your attributes? [ynq] (y) Do you want an account of creatures vanquished? [ynaq] (y) Do you want to see your conduct? [ynq] (y) Do you want to see the dungeon overview? [ynq] (y) Inventory: Coins $ - 10 gold pieces Weapons e - 32 blessed +0 arrows f - 8 +0 arrows b - a +0 axe (alternate weapon; not wielded) a - a +0 two-handed sword (weapon in hands) Armor c - an uncursed +0 ring mail (being worn) Comestibles d - an uncursed food ration Potions i - an uncursed potion of restore ability Wands j - a wand of magic missile (0:8) Tools h - a cursed credit card named cursed Ardi the Barbarian's attributes: Background: You were a Plunderer, a level 1 male human Barbarian. You were neutral, on a mission for Crom who was opposed by Mitra (lawful) and Set (chaotic). You were in the Dungeons of Doom, on level 1. You entered the dungeon 354 turns ago. You had 10 experience points, 10 more were needed to attain level 2. Your score was 50 before end-of-game adjustments. Basics: You had 0 out of 16 hit points. You had both energy points (spell power). Your armor class was 7. Your wallet contained 10 zorkmids. Autopickup was off. Final Characteristics: Your strength was 16 (limit:18/100). Your dexterity was 17 (limit:18). Your constitution was 18 (limit:18). Your intelligence was 8 (limit:18). Your wisdom was 8 (limit:18). Your charisma was 8 (limit:18). Final Status: You were not hungry. You were unencumbered. You were wielding a two-handed sword. You had basic skill with two-handed sword. Final Attributes: You were fervently aligned. You were poison resistant. You were warded. You are dead. Miscellaneous: You never encountered a bones level. Total elapsed playing time was 7 minutes and 42 seconds. Major events: Turn 1: ardi the neutral male human Barbarian entered the dungeon 337: found Grimtooth on the floor 354: killed by touching Grimtooth Vanquished creatures: 2 jackals a goblin a sewer rat a kobold zombie a newt 6 creatures vanquished. No species were genocided or became extinct. Voluntary challenges: You were an atheist. You were illiterate. You never engraved Elbereth. You never genocided any monsters. You never polymorphed an object. You never changed form. You used no wishes. The Dungeons of Doom: Level 1: <- You were here. Final resting place for you, killed by touching Grimtooth. Game over: ---------- / \ / REST \ / IN \ / PEACE \ / \ | ardi | | 10 Au | | killed by | | touching | | Grimtooth | | | | 2023 | *| * * * | * _________)/\\_//(\/(/\)/\//\/|_)_______ Goodbye ardi the Barbarian... You died in The Dungeons of Doom on dungeon level 1 with 49 points, and 10 pieces of gold, after 354 moves. You were level 1 with a maximum of 16 hit points when you died.